 Dungeon Crawl Stone Soup version 0.29-a0-920-g5d2155ec51 (webtiles) character file.

Game seed: 16237152091021592356

15239 Malachi the Carver (level 11, -1/171 HPs)
             Began as a Demigod Fighter on July 27, 2022.
             Slain by a 16-headed hydra (5 damage)
             ... on level 2 of the Lair of Beasts.
             The game lasted 00:21:01 (17473 turns).

Malachi the Carver (Demigod Fighter)               Turns: 17473, Time: 00:21:02

Health: -1/171     AC: 19    Str: 17    XL:     11   Next: 67%
Magic:  14/14      EV: 14    Int: 10    God:
Gold:   490        SH:  6    Dex: 25    Spells: 10/10 levels left

rFire   . . .      SeeInvis .   r - +2 falchion (elec)
rCold   . . .      Faith    .   c - +0 buckler
rNeg    . . .      Spirit   .   M - quicksilver dragon scales
rPois   .          Reflect  .   q - +2 helmet
rElec   .          Harm     .   s - +1 cloak
rCorr   .          Rampage  .   p - +0 pair of gloves
Will    ++...                   o - +0 pair of boots
Stlth   ..........              (no amulet)
HPRegen 0.38/turn               I - +4 ring of evasion
MPRegen 0.14/turn               (no ring)

@: berserking, very quick
A: high MP 1, forlorn, divine attributes, iridescent scales 1, mutation
resistance 1, robust 1
a: no special abilities


You were on level 2 of the Lair of Beasts.
You visited 2 branches of the dungeon, and saw 12 of its levels.
You also visited: Ossuary.

You collected 666 gold pieces.
You spent 176 gold pieces at shops.

Inventory:

Hand Weapons
 a - a +0 long sword
 r - a +2 falchion of electrocution (weapon)
 F - a +4 scimitar
 L - a +4 great sword
Missiles
 E - 13 poisoned darts (quivered)
Armour
 c - a +0 buckler (worn)
 n - a scarf of invisibility
 o - a +0 pair of boots (worn)
 p - a +0 pair of gloves (worn)
 q - a +2 helmet (worn)
 s - a +1 cloak (worn)
 M - quicksilver dragon scales (worn)
Jewellery
 x - a +4 ring of protection
 I - a +4 ring of evasion (left hand)
 N - a ring of ice
 Q - an amulet of reflection
Wands
 b - a wand of digging (5)
 i - a wand of charming (6)
 j - a wand of polymorph (10)
 y - a wand of flame (8)
 H - a wand of quicksilver (4)
Scrolls
 f - a scroll of amnesia
 t - 5 scrolls of identify
 v - a scroll of butterflies
 A - a scroll of enchant armour
 B - a scroll of summoning
 C - a scroll of poison
 D - 6 scrolls of teleportation
 K - a scroll of silence
Potions
 d - 4 potions of might
 e - a potion of cancellation
 g - 3 potions of flight
 h - 5 potions of curing
 k - 3 potions of invisibility
 l - a potion of ambrosia
 m - 4 potions of haste
 u - 4 potions of resistance
 w - 4 potions of brilliance
 z - 2 potions of mutation
 G - 2 potions of heal wounds
 J - 2 potions of attraction
 P - a potion of lignification


   Skills:
 + Level 11.7 Fighting
 - Level 14.0 Long Blades
 - Level 2.9 Armour
 - Level 2.9 Shields


You had 10 spell levels left.
You didn't know any spells.
Your spell library contained the following spells:

 Spells                   Type           Power      Damage    Failure   Level
 Magic Dart               Conj           0%         1d3       65%         1
 Ensorcelled Hibernation  Hex/Ice        0%         N/A       80%         2
 Passwall                 Tmut/Erth      0%         N/A       80%         2
 Searing Ray              Conj           0%         2d4       80%         2
 Static Discharge         Conj/Air       0%         3-3/arc   80%         2
 Call Canine Familiar     Summ           0%         N/A       95%         3
 Ignite Poison            Fire/Tmut/Pois 0%         N/A       95%         3
 Inner Flame              Hex/Fire       0%         N/A       95%         3
 Mephitic Cloud           Conj/Pois/Air  0%         N/A       95%         3
 Portal Projectile        Hex/Tloc       0%         N/A       95%         3
 Swiftness                Air            0%         N/A       95%         3
 Cause Fear               Hex            0%         N/A       100%        4
 Dispel Undead            Necr           0%         3d6       100%        4
 Fulminant Prism          Conj/Hex       0%         3d6       100%        4
 Leda's Liquefaction      Hex/Erth       0%         N/A       100%        4
 Sticky Flame             Conj/Fire      0%         2d3       100%        4
 Freezing Cloud           Conj/Ice/Air   0%         6-21      100%        5
 Discord                  Hex            0%         N/A       100%        8


Dungeon Overview and Level Annotations

Branches:
Dungeon (10/15)            Temple (0/1) D:4            Lair (2/5) D:9
Ossuary (visited)
  Swamp: Lair:2-3    Shoals: Lair:2-3     Snake: Lair:2-3    Spider: Lair:2-3
    Orc: D:9-12

Shops:
D:6 =   D:8 (*   D:9 (   D:10 !


Innate Abilities, Weirdness & Mutations

You have an increased reservoir of magic. (+10% MP)
You shall have no god before yourself.
Your divine heritage dramatically boosts your attributes as you level up.
You are partially covered in iridescent scales. (AC +2)
You are somewhat resistant to further mutation.
You are robust. (+10% HP)


Message History

The 15-headed hydra is moderately wounded.
The 15-headed hydra closely misses you.
The 15-headed hydra bites you but does no damage.
The 15-headed hydra barely misses you.
The 15-headed hydra completely misses you.
The 15-headed hydra closely misses you. The 15-headed hydra bites you!
* * * LOW HITPOINT WARNING * * *
The 15-headed hydra barely misses you. The 15-headed hydra bites you.
* * * LOW HITPOINT WARNING * * *
The 15-headed hydra bites you but does no damage.
The 15-headed hydra closely misses you.
The 15-headed hydra bites you but does no damage.
The 15-headed hydra bites you.
* * * LOW HITPOINT WARNING * * *
The 15-headed hydra bites you.
* * * LOW HITPOINT WARNING * * *
The 15-headed hydra bites you but does no damage.
You block the 15-headed hydra's attack.
You chop one of the 15-headed hydra's heads off!
The 14-headed hydra grows two more!
You slice the 16-headed hydra!!
The 16-headed hydra is heavily wounded.
You barely miss the 16-headed hydra.
The 16-headed hydra is heavily wounded.
Unknown command.
You barely miss the 16-headed hydra.
The 16-headed hydra is heavily wounded.
The 16-headed hydra barely misses you. The 16-headed hydra bites you!
* * * LOW HITPOINT WARNING * * *
The 16-headed hydra bites you but does no damage. x2
The 16-headed hydra barely misses you. The 16-headed hydra bites you.
* * * LOW HITPOINT WARNING * * *
The 16-headed hydra barely misses you.
The 16-headed hydra bites you but does no damage. x2
The 16-headed hydra bites you.
* * * LOW HITPOINT WARNING * * *
The 16-headed hydra bites you but does no damage. x2
The 16-headed hydra bites you.
* * * LOW HITPOINT WARNING * * *
The 16-headed hydra misses you. The 16-headed hydra bites you.
You die...

...# ##.... ......
##..... .
...#.####....##
.......#........###.
....................
.#................!.
....................
.#....#.D@..........
......P<............
..........†.......##
.........##........#
.....#.####.>.....P#
......# ##.......$
...... ###..##..
...... #..... ......
...


You could see a 16-headed hydra.

Vanquished Creatures
  A centaur warrior (D:9)
  A two-headed ogre (D:8)
  Pikel (D:9)
  Joseph (D:8)
  5 cane toads
  Maggie (D:7)
  2 rime drakes (Lair:1)
  A komodo dragon (Lair:1)
  A kobold demonologist (D:10)
  A hornet (Lair:1)
  3 blink frogs (Lair:1)
  A vampire (D:10)
  6 wyverns
  10 yaks
  4 steam dragons
  3 acid dragons (D:10)
  13 water moccasins
  2 hell hounds (Lair:1)
  3 orc warriors
  3 black bears
  9 wolves
  3 centaurs
  3 lemures (D:9)
  4 bullfrogs
  4 kobold brigands
  3 scorpions
  A necrophage (D:8)
  3 gnoll sergeants (D:9)
  14 wights
  6 killer bees
  3 centaur zombies (Ossuary)
  2 bullfrog zombies (Ossuary)
  4 hounds
  A jelly (D:6)
  Crazy Yiuf (D:2)
  4 orc priests
  2 iguanas (D:7)
  11 orc wizards
  A scorpion zombie (Ossuary)
  Natasha (thrice) (D:2)
  2 ogre zombies (Ossuary)
  Robin (D:3)
  A river rat (D:4)
  9 adders
  22 gnolls
  2 shadow imps
  2 white imps (D:7)
  An ufetubus (D:4)
  3 adder zombies (Ossuary)
  3 worms
  The ghost of fly the Sneak, a weakling DgDe (D:4)
  2 dart slugs
  30 orcs
  10 ball pythons
  5 endoplasms
  6 giant cockroaches
  5 gnoll zombies (Ossuary)
  14 goblins
  13 hobgoblins
  5 jackals
  6 quokkas
  4 bats
  2 frilled lizards
  2 goblin zombies (Ossuary)
  A hobgoblin zombie (Ossuary)
  22 kobolds
  3 orc zombies (Ossuary)
  5 rats
327 creatures vanquished.

Vanquished Creatures (others)
  4 fungi
  17 plants (D:9)
21 creatures vanquished.

Grand Total: 348 creatures vanquished

Notes
Turn   | Place    | Note
-------+----------+-------------------------------------------
     0 | D:1      | Malachi the Demigod Fighter began the quest for the Orb.
     0 | D:1      | Reached XP level 1. HP: 18/18 MP: 3/3
   120 | D:1      | Reached skill level 2 in Long Blades
   199 | D:1      | Reached XP level 2. HP: 24/25 MP: 4/4
   894 | D:2      | Found a runed translucent door.
   895 | D:2      | Noticed Crazy Yiuf
   992 | D:2      | Reached XP level 3. HP: 26/30 MP: 5/5
  1057 | D:2      | Reached skill level 3 in Long Blades
  1244 | D:2      | Noticed Natasha
  1257 | D:2      | Killed Natasha
  1258 | D:2      | Reached XP level 4. HP: 13/37 MP: 6/6
  1781 | D:2      | Reached skill level 4 in Long Blades
  2019 | D:2      | Noticed Natasha
  2029 | D:2      | Killed Natasha
  2148 | D:2      | Noticed Natasha
  2154 | D:2      | Killed Natasha
  2313 | D:2      | Killed Crazy Yiuf
  2314 | D:2      | Reached XP level 5. HP: 44/44 MP: 7/7
  2455 | D:3      | Noticed Robin
  2476 | D:3      | Reached skill level 5 in Long Blades
  2502 | D:3      | Killed Robin
  3358 | D:4      | Reached XP level 6. HP: 38/50 MP: 8/8
  3454 | D:4      | You fall into a shaft and drop 2 floors!
  3499 | D:6      | Reached skill level 6 in Long Blades
  3729 | D:6      | Noticed a +0 short sword
  3734 | D:6      | Noticed a +0 dagger
  3734 | D:6      | Noticed a +0 falchion
  3735 | D:6      | Noticed a +0 spear
  3736 | D:6      | Noticed a +0 falchion
  3736 | D:6      | Noticed a +0 dagger
  3736 | D:6      | Noticed a +0 short sword
  3736 | D:6      | Noticed a +0 spear
  3752 | D:5      | Entered Level 5 of the Dungeon
  3820 | D:5      | Noticed a water moccasin
  3831 | D:5      | Killed a water moccasin
  3832 | D:5      | Reached skill level 7 in Long Blades
  3887 | D:5      | Reached XP level 7. HP: 56/56 MP: 9/9
  4552 | D:4      | Found a runed translucent gate.
  4552 | D:4      | Found a runed translucent gate.
  4552 | D:4      | Found a runed translucent gate.
  4555 | D:4      | Noticed fly's ghost (weakling DgDe)
  4573 | D:4      | Killed fly's ghost
  4830 | D:4      | Reached skill level 8 in Long Blades
  4992 | D:4      | Found a staircase to the Ecumenical Temple.
  5704 | D:6      | Found Norhoef's Jewellery Shop.
  6430 | D:7      | Noticed Maggie
  6430 | D:7      | Noticed a wyvern
  6438 | D:6      | Killed a wyvern
  6439 | D:6      | Reached skill level 9 in Long Blades
  6439 | D:6      | Reached XP level 8. HP: 54/62 MP: 10/10
  6748 | D:7      | Killed Maggie
  7083 | D:7      | Reached skill level 10 in Long Blades
  8100 | D:7      | Reached skill level 11 in Long Blades
  8130 | D:7      | Reached XP level 9. HP: 18/68 MP: 11/11
  8624 | D:7      | Reached skill level 12 in Long Blades
  9448 | D:8      | Noticed Joseph
  9465 | D:8      | Killed Joseph
  9486 | D:8      | Found Xattot's Weapon Shoppe.
  9492 | D:8      | HP: 2/68 [centaur (4)]
  9496 | D:8      | Reached skill level 13 in Long Blades
  9630 | D:8      | Found a sand-covered staircase.
  9634 | Ossuary  | Entered an ossuary
 10506 | D:8      | Noticed a two-headed ogre
 10526 | D:8      | Killed a two-headed ogre
 10527 | D:8      | Reached XP level 10. HP: 51/75 MP: 13/13
 11083 | D:8      | Found Fitod's Gadget Gallery.
 11265 | D:8      | Gained mutation: You are robust. (+10% HP) [potion of
                  | mutation]
 11265 | D:8      | Gained mutation: You are partially covered in iridescent
                  | scales. (AC +2) [potion of mutation]
 11265 | D:8      | Gained mutation: You are somewhat resistant to further
                  | mutation. [potion of mutation]
 11393 | D:9      | Noticed a centaur warrior
 11398 | D:9      | Killed a centaur warrior
 11399 | D:9      | Reached skill level 14 in Long Blades
 11434 | D:9      | Reached skill level 5 in Fighting
 12056 | D:9      | Found a staircase to the Lair.
 13429 | D:9      | Found Wix Ziog's Antique Weapon Boutique.
 13691 | D:9      | Noticed Pikel
 13730 | D:9      | Killed Pikel
 13731 | D:9      | Reached XP level 11. HP: 80/104 MP: 14/14
 13965 | D:10     | Entered Level 10 of the Dungeon
 15528 | D:10     | Found Dopuaqir's Distillery.
 15531 | D:10     | Bought a potion of berserk rage for 55 gold pieces
 15531 | D:10     | Bought a potion of lignification for 33 gold pieces
 15531 | D:10     | Bought a potion of mutation for 88 gold pieces
 15679 | Lair:1   | Entered Level 1 of the Lair of Beasts
 15930 | Lair:1   | Reached skill level 10 in Fighting
 16202 | Lair:1   | Paralysed by a hornet for 2 turns
 17453 | Lair:2   | Noticed a four-headed hydra
 17473 | Lair:2   | HP: 4/171 [16-headed hydra (6)]
 17473 | Lair:2   | Slain by a 16-headed hydra

Illustrated notes

Levels and vault maps discovered:
D:1:      dpeg_arrival_erosion, layout_rooms, hellmonk_ecumenical_altar_blasted
D:2:      layout_basic, basic_altar, uniq_natasha, uniq_crazy_yiuf_cottage
D:3:      layout_rooms, uniq_robin
D:4:      layout_loops_corners, mainiacjoe_overflow_small_starburst,
          vehumet_altar_wand_db, gammafunk_temple_overflow_wave,
          minmay_temple_entry_antechambers, portal_sewer_entry_b,
          ebering_ghost_rock_garden, moated_statue
D:5:      layout_basic, lemuel_coloured_pillars_altar
D:6:      layout_basic, nicolae_uskayaw_en_pointe, serial_shops, shop
D:7:      layout_gridville, fedhas_altar_4, mainiacjoe_overflow_24_doors,
          tgw_sif, uniq_maggie
D:8:      layout_loops_cross, grunt_gozag_statues, enter_ossuary_5,
          serial_shops, nicolae_shop_bloodbath_and_beyond, serial_glass,
          glass_columns_b, glass_columns_b, minmay_strange_pillars,
          due_unseen_surprise, item_on_display_a, nicolae_shop_gadgets,
          uniq_joseph
D:9:      layout_layer_cave, minmay_lair_entry_grove, serial_shops,
          nicolae_shop_hallway_plus, uniq_pikel
D:10:     layout_irregular_city, mainiacjoe_overflow_surrounded_room,
          nicolae_overflow_hidden_temple, serial_shops,
          nicolae_shop_window_shopping
Lair:1:   layout_gridlike, enter_volcano_3, beast_lair_carwin_5,
          grunt_megastairs_2, lemuel_fruit_tree
Lair:2:   layout_hall_layers, beast_lair_carwin_7

Skill      XL: |  1  2  3  4  5  6  7  8  9 10 11 |
---------------+----------------------------------+-----
Long Blades    | 2 3 4 5 7 9 11 13 14 | 14.0
Fighting       | 8 11 | 11.7
Armour         | |  2.9
Shields        | |  2.9

Action                   |  1- 3 |  4- 6 |  7- 9 | 10-12 || total
-------------------------+-------+-------+-------+-------++-------
Melee: Long sword        |   102 |     4 |       |       ||   106
       Falchion          |       |   156 |   370 |   573 ||  1099
Evoke: Wand              |       |       |    13 |       ||    13
  Use: Potion            |       |     2 |     4 |     3 ||     9
       Scroll            |       |    11 |    15 |     1 ||    27
Armor: Scale mail        |    48 |    84 |   133 |       ||   265
       Chain mail        |       |       |    62 |    96 ||   158
       Quicksilver drago |       |       |       |   173 ||   173
Dodge: Dodged            |    38 |    63 |   108 |   319 ||   528
Block: Buckler           |    17 |    33 |   103 |   151 ||   304

Table legend: (Time is in decaauts)
 A = Elapsed time spent in this place.
 B = Non-inter-level travel time spent in this place.
 C = Inter-level travel time spent in this place.
 D = Time resting spent in this place.
 E = Time spent auto-exploring this place.
 F = Levels seen in this place.
 G = Mean time per level.
                   A        B        C        D        E       F      G
               +--------+--------+--------+--------+--------+-----+--------+
         Total |  17256 |  16693 |    563 |   5547 |   8592 |  13 | 1327.4 |
       Dungeon |  15058 |  14517 |    541 |   5275 |   7105 |  10 | 1505.8 |
          Lair |   1723 |   1701 |     22 |      0 |   1486 |   2 |  861.5 |
       Ossuary |    473 |    473 |      0 |    272 |      1 |   1 |  473.0 |
               +--------+--------+--------+--------+--------+-----+--------+

Top non-repeatable levels by time:
     D:8: 2454 daAuts
     D:9: 2121 daAuts
     D:6: 2081 daAuts
     D:7: 2006 daAuts
     D:2: 1684 daAuts
  Lair:1: 1611 daAuts
     D:4: 1179 daAuts
    D:10: 1171 daAuts
     D:3: 810 daAuts
     D:5: 796 daAuts
     D:1: 751 daAuts
 Ossuary: 473 daAuts
  Lair:2: 112 daAuts
